AoeStats
← schmeno

Arena

505351741Analyzed
3v3 RM · 2mo ago on Sep 9, 2026· 56m 8s· 6 players
Game mode
Random Map
Map size
Normal (6 player)
Population
200
Speed
Normal
Resources
Standard
Victory
Conquest
Starting age
Dark Age
Ending age
Imperial Age
RankedLock teamsTeams togetherTeam positionsShared explorationLock speedFull tech treeHidden civsTurbo modeCheats
Victory
Defeat
🇳🇿 Mongols · New Zealand
1096
+17
🇧🇷 Burgundians · Brazil
1081
+18
🇧🇷 Italians · Brazil
1041
+19
vs
🇺🇸 Maya · United States
1158
-19
🇺🇸 Saracens · United States
1122
-18
🇺🇸 Franks · United States
1079
-17
Kiwikaiser
12:04 Feudal Age
15:58 Castle Age
14:22 Double-Bit Axe
15:00 Horse Collar
24:10 Bow Saw
24:11 Heavy Plow
26:53 Wheelbarrow
27:02 Wheelbarrow
28:35 Gold Mining
29:03 Hand Cart
28:41 Stone Mining
32:08 Imperial Age
31:05 Fletching
31:39 Husbandry
32:54 Ballistics
32:57 Bodkin Arrow
34:05 Chemistry
33:23 Bloodlines
33:52 Elite Mangudai
34:57 Bracer
35:06 Thumb Ring
35:58 Conscription
36:13 Padded Archer Armor
36:41 Parthian Tactics
38:40 Onager
39:41 Leather Archer Armor
39:04 Capped Ram
41:30 Siege Ram
42:32 Fortified Wall
43:18 Drill
44:27 Siege Engineers
50:50 Light Cavalry
51:38 Scale Barding Armor
51:43 Forging
52:24 Hussar
53:26 Chain Barding Armor
56:09 Iron Casting
BorNouT
3:01 Loom
12:22 Feudal Age
14:23 Double-Bit Axe
17:06 Castle Age
15:08 Horse Collar
15:22 Stone Mining
15:30 Gold Mining
20:25 Bow Saw
22:18 Fletching
27:21 Bodkin Arrow
28:55 Wheelbarrow
32:32 Imperial Age
30:37 Padded Archer Armor
32:16 Stone Shaft Mining
32:22 Treadmill Crane
32:55 Elite Genoese Crossbowman
34:47 Chemistry
35:27 Conscription
35:34 Thumb Ring
35:43 Elite Skirmisher
36:46 Bracer
37:02 Leather Archer Armor
37:51 Ballistics
38:27 Conscription
38:53 Ring Archer Armor
39:26 Two-Man Saw
38:28 Heavy Plow
41:22 Scale Mail Armor
46:48 Chain Mail Armor
47:31 Silk Road
50:24 Coinage
51:21 Plate Mail Armor
51:46 Forging
51:58 Pikeman
54:09 Iron Casting
54:54 Squires
55:58 Blast Furnace
OCNN Bélga
5:01 Loom
8:35 Double-Bit Axe
13:00 Feudal Age
11:35 Gold Mining
13:01 Horse Collar
17:30 Castle Age
16:06 Stone Mining
16:59 Gold Shaft Mining
17:44 Bow Saw
20:34 Wheelbarrow
21:36 Two-Man Saw
22:33 Cavalier
25:07 Hand Cart
26:14 Stone Shaft Mining
29:19 Imperial Age
26:36 Pikeman
27:47 Husbandry
28:57 Forging
28:53 Scale Barding Armor
30:30 Iron Casting
31:15 Chain Barding Armor
31:26 Paladin
31:54 Halberdier
33:02 Fortified Wall
36:10 Conscription
36:04 Burgundian Vineyards
37:41 Scale Mail Armor
38:27 Elite Skirmisher
40:15 Fletching
40:48 Padded Archer Armor
42:54 Blast Furnace
41:53 Bodkin Arrow
44:03 Leather Archer Armor
44:59 Ballistics
50:25 Bracer
52:14 Light Cavalry
53:00 Hussar
Tired Cock
0:34 Loom
10:49 Feudal Age
15:49 Castle Age
14:03 Double-Bit Axe
14:02 Horse Collar
23:39 Fletching
24:49 Wheelbarrow
24:34 Bow Saw
24:34 Heavy Plow
25:11 Bodkin Arrow
28:49 Imperial Age
27:00 Bow Saw
27:53 Crossbowman
29:29 Thumb Ring
29:27 Murder Holes
29:54 Ballistics
29:57 Arbalester
31:22 Bracer
31:57 Padded Archer Armor
38:41 Conscription
40:11 Leather Archer Armor
48:50 Eagle Warrior
49:31 Squires
49:34 Scale Mail Armor
50:17 Holcans
49:47 Elite Eagle Warrior
51:09 Chain Mail Armor
52:42 Forging
Simon Nelson Cook
12:54 Feudal Age
16:54 Castle Age
15:08 Double-Bit Axe
22:43 Loom
24:08 Bow Saw
30:31 Imperial Age
28:23 Husbandry
28:38 Forging
28:34 Scale Barding Armor
28:20 Fletching
31:16 Chain Barding Armor
31:17 Cavalier
33:08 Wheelbarrow
32:40 Paladin
35:45 Plate Barding Armor
35:51 Hand Cart
39:49 Chivalry
40:11 Conscription
40:15 Bodkin Arrow
49:01 Elite Skirmisher
52:27 Padded Archer Armor
53:07 Iron Casting
schmeno
10:47 Feudal Age
11:45 Loom
14:58 Castle Age
13:32 Double-Bit Axe
14:16 Horse Collar
16:10 Bow Saw
18:14 Gold Mining
19:48 Fervor
26:45 Imperial Age
25:26 Forging
25:42 Husbandry
28:25 Bloodlines
28:23 Scale Barding Armor
29:46 Sanctity
31:09 Chain Barding Armor
35:49 Plate Barding Armor
35:27 Fletching
35:52 Herbal Medicine
36:58 Bodkin Arrow
38:13 Wheelbarrow
37:26 Town Watch
38:32 Iron Casting
39:49 Elite Mameluke
41:34 Blast Furnace
41:57 Gold Shaft Mining
41:29 Light Cavalry
42:39 Hussar
45:06 Chemistry
44:11 Elite Skirmisher
45:25 Thumb Ring
45:24 Padded Archer Armor
45:48 Siege Engineers
46:56 Ballistics
47:13 Bracer
47:29 Leather Archer Armor
Connection lost

Rejoining the realm…

Still unreachable

The connection could not be restored.

Session expired

The server has moved on; the page needs a fresh start.